| TOP OF THE 1ST |
|
Salt Lake City Bees batting - Pitching for Eugene Emeralds : RHP Armando Gutierrez
|
|
Pitching: RHP Armando Gutierrez
|
|
|
Batting: RHB Robert Potts
|
0-0: Ground out 5-3 (Groundball, 56S, EV 86.3 MPH)
|
|
Batting: LHB Mike Cole
|
0-0: Ball 1-0: Called Strike 1-1: Foul Ball, location: 2F 1-2: Fly out, F7 (Flyball, 7LS, EV 72.5 MPH)
|
|
Batting: LHB Thomas Dorsey
|
0-0: Ball 1-0: Ball 2-0: Swinging Strike 2-1: Foul Ball, location: 2F 2-2: Foul Ball, location: 2F 2-2: Foul Ball, location: 2F 2-2: Foul Ball, location: 2F 2-2: Ball 3-2: Base on Balls
|
|
Batting: RHB William Cole
|
0-0: Called Strike 0-1: Ball 1-1: Ball 2-1: Ball 3-1: Fielders Choice at 2nd, 5-4 (Groundball, 5, EV 91.3 MPH)
|
| Top of the 1st over - 0 runs, 0 hits, 0 errors, 1 left on base; Salt Lake City 0 - Eugene 0 |
| BOTTOM OF THE 1ST |
|
Eugene Emeralds batting - Pitching for Salt Lake City Bees : LHP Bryan Hardy
|
|
Pitching: LHP Bryan Hardy
|
|
|
Batting: LHB James Peters
|
0-0: Called Strike 0-1: Ball 1-1: Called Strike 1-2: Foul Ball, location: 2F 1-2: Fly out, F7 (Flyball, 7D, EV 83.8 MPH)
|
|
Batting: LHB Alfredo Edmead
|
0-0: Foul Ball, location: 2F 0-1: Ground out 5-3 (Groundball, 56, EV 93.1 MPH)
|
|
Batting: RHB Tim Wallach
|
0-0: Ball 1-0: DOUBLE (Flyball, 8RXD, EV 101.3 MPH)
|
|
Batting: LHB Randy Bush
|
0-0: Ball 1-0: Ground out 6-3 (Groundball, 6, EV 83.8 MPH)
|
| Bottom of the 1st over - 0 runs, 1 hit, 0 errors, 1 left on base; Salt Lake City 0 - Eugene 0 |
| TOP OF THE 2ND |
|
Salt Lake City Bees batting - Pitching for Eugene Emeralds : RHP Armando Gutierrez
|
|
Batting: RHB Jamie Nelson
|
0-0: Foul Ball, location: 2F 0-1: Foul Ball, location: 2F 0-2: Ball 1-2: Reached on error, E5 (Groundball, 56S, EV 80.0 MPH)
|
|
Batting: RHB Darnell Coles
|
0-0: Ball 1-0: SINGLE (Line Drive, 7S, EV 105.0 MPH) Jamie Nelson to second
|
|
Batting: RHB Stephen Vaughan
|
0-0: Ball 1-0: SINGLE (Groundball, 6D, EV 95.0 MPH) Jamie Nelson to third Darnell Coles to second Runner from 3rd tries for Home, SAFE, throw by CF to home Darnell Coles to third Stephen Vaughan to second
|
|
Batting: RHB Darrell Miller
|
0-0: Called Strike 0-1: Hit by Pitch
|
|
Batting: RHB Reid Nichols
|
0-0: Ball 1-0: Ball 2-0: Ball 3-0: Foul Ball, location: 2F 3-1: Base on Balls Darnell Coles scores Stephen Vaughan to third Darrell Miller to second
|
|
Batting: RHB Robert Potts
|
0-0: Called Strike 0-1: Swinging Strike 0-2: Foul Ball, location: 2F 0-2: Ball Wild Pitch! Stephen Vaughan scores Darrell Miller to third Reid Nichols to second 1-2: Strikes out swinging
|
|
Batting: LHB Mike Cole
|
0-0: Swinging Strike 0-1: Ball 1-1: Foul Ball, location: 2F 1-2: Strikes out swinging
|
|
Batting: LHB Thomas Dorsey
|
0-0: Ball 1-0: Ball 2-0: Called Strike 2-1: Foul Ball, location: 2F 2-2: Foul Ball, location: 2F 2-2: Strikes out swinging
|
| Top of the 2nd over - 3 runs, 2 hits, 1 error, 2 left on base; Salt Lake City 3 - Eugene 0 |
| BOTTOM OF THE 2ND |
|
Eugene Emeralds batting - Pitching for Salt Lake City Bees : LHP Bryan Hardy
|
|
Batting: RHB Derrell Baker
|
0-0: Foul Ball, location: 2F 0-1: Called Strike 0-2: Strikes out swinging
|
|
Batting: RHB Jesus Vega
|
0-0: DOUBLE (Groundball, 5L, EV 106.3 MPH)
|
|
Batting: LHB Clay Hill
|
0-0: Foul Ball, location: 2F 0-1: Foul Ball, location: 2F 0-2: Strikes out looking
|
|
Batting: LHB Terry Lee
|
0-0: Ball 1-0: Ground out 6-3 (Groundball, 6, EV 85.0 MPH)
|
| Bottom of the 2nd over - 0 runs, 1 hit, 0 errors, 1 left on base; Salt Lake City 3 - Eugene 0 |
| TOP OF THE 3RD |
|
Salt Lake City Bees batting - Pitching for Eugene Emeralds : RHP Armando Gutierrez
|
|
Batting: RHB William Cole
|
0-0: Ball 1-0: Foul Ball, location: 2F 1-1: Ball 2-1: Ground out 1-3 (Groundball, 13S, EV 64.4 MPH)
|
|
Batting: RHB Jamie Nelson
|
0-0: Swinging Strike 0-1: Ground out 6-3 (Groundball, 6, EV 90.0 MPH)
|
|
Batting: RHB Darnell Coles
|
0-0: Called Strike 0-1: Fly out, F2 (Popup, 15S, EV 90.6 MPH)
|
| Top of the 3rd over - 0 runs, 0 hits, 0 errors, 0 left on base; Salt Lake City 3 - Eugene 0 |
| BOTTOM OF THE 3RD |
|
Eugene Emeralds batting - Pitching for Salt Lake City Bees : LHP Bryan Hardy
|
|
Batting: LHB Richard Rickman
|
0-0: Called Strike 0-1: Ball 1-1: Foul Ball, location: 2F 1-2: Foul Ball, location: 2F 1-2: Ball 2-2: Ground out 5-3 (Groundball, 5, EV 98.1 MPH)
|
|
Batting: LHB James Peters
|
0-0: Swinging Strike 0-1: Ball 1-1: Ball 2-1: Swinging Strike 2-2: Strikes out swinging
|
|
Batting: LHB Alfredo Edmead
|
0-0: Ball 1-0: Foul Ball, location: 2F 1-1: Swinging Strike 1-2: Ball 2-2: Foul Ball, location: 2F 2-2: Fly out, F5 (Popup, 5, EV 78.1 MPH)
|
| Bottom of the 3rd over - 0 runs, 0 hits, 0 errors, 0 left on base; Salt Lake City 3 - Eugene 0 |
| TOP OF THE 4TH |
|
Salt Lake City Bees batting - Pitching for Eugene Emeralds : RHP Armando Gutierrez
|
|
Batting: RHB Stephen Vaughan
|
0-0: Foul Ball, location: 2F 0-1: Ball 1-1: Ball 2-1: Ball 3-1: Base on Balls
|
|
Batting: RHB Darrell Miller
|
0-0: Ball 1-0: Ball Stephen Vaughan steals 2nd base 2-0: Ball 3-0: Called Strike 3-1: Ground out 6-3 (Groundball, 4M, EV 103.1 MPH) Stephen Vaughan to third
|
|
Batting: RHB Reid Nichols
|
0-0: Swinging Strike 0-1: Ground out 1-3 (Groundball, 13, EV 70.0 MPH)
|
|
Batting: RHB Robert Potts
|
0-0: Ball 1-0: Foul Ball, location: 2F 1-1: Ground out 1-3 (Groundball, 13, EV 70.0 MPH)
|
| Top of the 4th over - 0 runs, 0 hits, 0 errors, 1 left on base; Salt Lake City 3 - Eugene 0 |
| BOTTOM OF THE 4TH |
|
Eugene Emeralds batting - Pitching for Salt Lake City Bees : LHP Bryan Hardy
|
|
Batting: RHB Tim Wallach
|
0-0: Foul Ball, location: 2F 0-1: Foul Ball, location: 2F 0-2: Foul Ball, location: 2F 0-2: Strikes out swinging
|
|
Batting: LHB Randy Bush
|
0-0: Ball 1-0: Called Strike 1-1: Foul Ball, location: 2F 1-2: Strikes out swinging
|
|
Batting: RHB Derrell Baker
|
0-0: Called Strike 0-1: Ball 1-1: Swinging Strike 1-2: Ground out 4-3 (Groundball, 4M, EV 83.8 MPH)
|
| Bottom of the 4th over - 0 runs, 0 hits, 0 errors, 0 left on base; Salt Lake City 3 - Eugene 0 |
| TOP OF THE 5TH |
|
Salt Lake City Bees batting - Pitching for Eugene Emeralds : RHP Armando Gutierrez
|
|
Batting: LHB Mike Cole
|
0-0: Foul Ball, location: 2F 0-1: SINGLE (Groundball, 4MD, EV 104.4 MPH)
|
|
Batting: LHB Thomas Dorsey
|
0-0: Called Strike 0-1: Swinging Strike 0-2: Ball 1-2: Strikes out looking
|
|
Batting: RHB William Cole
|
0-0: Ball Mike Cole steals 2nd base 1-0: Ball 2-0: Ball 3-0: Base on Balls
|
|
Batting: RHB Jamie Nelson
|
0-0: Hit by Pitch Mike Cole to third William Cole to second
|
|
Batting: RHB Darnell Coles
|
0-0: Called Strike 0-1: Foul Ball, location: 2F 0-2: SINGLE (Line Drive, 6, EV 98.1 MPH) Mike Cole scores William Cole to third Jamie Nelson to second Runner from 3rd tries for Home, SAFE, throw by LF to home
|
|
Batting: RHB Stephen Vaughan
|
0-0: Foul Ball, location: 2F 0-1: Ground out 5-3 (Groundball, 56S, EV 73.8 MPH) Jamie Nelson to third Darnell Coles to second
|
|
Batting: RHB Darrell Miller
|
0-0: Ball 1-0: Fly out, F7 (Flyball, 7LS, EV 94.4 MPH)
|
| Top of the 5th over - 2 runs, 2 hits, 0 errors, 2 left on base; Salt Lake City 5 - Eugene 0 |
| BOTTOM OF THE 5TH |
|
Eugene Emeralds batting - Pitching for Salt Lake City Bees : LHP Bryan Hardy
|
|
Batting: RHB Jesus Vega
|
0-0: Foul Ball, location: 2F 0-1: Ball 1-1: Called Strike 1-2: Fly out, F7 (Flyball, 7D, EV 97.5 MPH)
|
|
Batting: LHB Clay Hill
|
0-0: Ground out U3 (Groundball, 3L, EV 87.5 MPH)
|
|
Batting: LHB Terry Lee
|
0-0: Ball 1-0: Ball 2-0: Called Strike 2-1: Ball 3-1: Fly out, F9 (Flyball, 9S, EV 85.6 MPH)
|
| Bottom of the 5th over - 0 runs, 0 hits, 0 errors, 0 left on base; Salt Lake City 5 - Eugene 0 |
| TOP OF THE 6TH |
|
Salt Lake City Bees batting - Pitching for Eugene Emeralds : RHP Armando Gutierrez
|
|
Batting: RHB Reid Nichols
|
0-0: Ball 1-0: Swinging Strike 1-1: Foul Ball, location: 2F 1-2: SINGLE (Flyball, 78S, EV 89.4 MPH)
|
|
Batting: RHB Robert Potts
|
0-0: Fly out, F8 (Line Drive, 8LM, EV 103.1 MPH)
|
|
Batting: LHB Mike Cole
|
0-0: Called Strike 0-1: Ball 1-1: Fly out, F8 (Flyball, 8LD, EV 98.1 MPH)
|
|
Batting: LHB Thomas Dorsey
|
0-0: Called Strike 0-1: Called Strike 0-2: Strikes out swinging
|
| Top of the 6th over - 0 runs, 1 hit, 0 errors, 1 left on base; Salt Lake City 5 - Eugene 0 |
| BOTTOM OF THE 6TH |
|
Eugene Emeralds batting - Pitching for Salt Lake City Bees : LHP Bryan Hardy
|
|
Batting: LHB Richard Rickman
|
0-0: Swinging Strike 0-1: Foul Ball, location: 2F 0-2: Strikes out swinging
|
|
Batting: LHB James Peters
|
0-0: Ball 1-0: Foul Ball, location: 2F 1-1: Called Strike 1-2: Ball 2-2: Foul Ball, location: 2F 2-2: Ground out U3 (Groundball, 34, EV 84.4 MPH)
|
|
Batting: LHB Alfredo Edmead
|
0-0: Ball 1-0: Called Strike 1-1: Fly out, F9 (Line Drive, 9, EV 91.3 MPH)
|
| Bottom of the 6th over - 0 runs, 0 hits, 0 errors, 0 left on base; Salt Lake City 5 - Eugene 0 |
| TOP OF THE 7TH |
|
Salt Lake City Bees batting - Pitching for Eugene Emeralds : RHP Armando Gutierrez
|
|
Batting: RHB William Cole
|
0-0: Called Strike 0-1: Swinging Strike 0-2: SINGLE (Groundball, 6, EV 98.8 MPH)
|
|
Batting: RHB Jamie Nelson
|
0-0: Ball 1-0: Called Strike 1-1: Ball 2-1: DOUBLE (Line Drive, 89D, EV 100.0 MPH) William Cole to third
|
|
Batting: RHB Darnell Coles
|
0-0: Called Strike 0-1: Ball 1-1: SINGLE (Groundball, 13S, EV 62.5 MPH) (infield hit)
|
|
Batting: RHB Stephen Vaughan
|
0-0: Foul Ball, location: 2F 0-1: Ball 1-1: Ball 2-1: Ball 3-1: Swinging Strike 3-2: Strikes out swinging
|
|
Batting: RHB Darrell Miller
|
0-0: Ball Wild Pitch! William Cole scores Jamie Nelson to third Darnell Coles to second 1-0: Called Strike 1-1: Called Strike 1-2: Ball 2-2: Foul Ball, location: 2F 2-2: Ball 3-2: Foul Ball, location: 2F 3-2: SINGLE (Groundball, 6MD, EV 108.1 MPH) Jamie Nelson scores Darnell Coles to third Runner from 3rd tries for Home, SAFE, throw by CF to home
|
|
Pitching: RHP Jack Morris
|
|
|
Batting: RHB Reid Nichols
|
0-0: Ball 1-0: Ball 2-0: Foul Ball, location: 2F 2-1: Foul Ball, location: 2F 2-2: Foul Ball, location: 2F 2-2: Strikes out looking
|
|
Batting: RHB Robert Potts
|
0-0: Ball 1-0: Fly out, F9 (Flyball, 9LS, EV 93.8 MPH)
|
| Top of the 7th over - 3 runs, 4 hits, 0 errors, 1 left on base; Salt Lake City 8 - Eugene 0 |
| BOTTOM OF THE 7TH |
|
Eugene Emeralds batting - Pitching for Salt Lake City Bees : LHP Bryan Hardy
|
|
Batting: RHB Tim Wallach
|
0-0: Swinging Strike 0-1: Ball 1-1: Ball 2-1: Called Strike 2-2: DOUBLE (Line Drive, 9LS, EV 89.4 MPH)
|
|
Batting: LHB Randy Bush
|
0-0: Swinging Strike 0-1: Fly out, F8 (Line Drive, 8RM, EV 88.8 MPH)
|
|
Batting: RHB Derrell Baker
|
0-0: Called Strike 0-1: Ball Wild Pitch! Tim Wallach to third 1-1: Ball Wild Pitch! Tim Wallach scores 2-1: Ball 3-1: Foul Ball, location: 2F 3-2: Base on Balls
|
|
Batting: RHB Jesus Vega
|
0-0: Ball 1-0: Foul Ball, location: 2F 1-1: Swinging Strike 1-2: Ball 2-2: Ball Passed Ball! Derrell Baker to second 3-2: Strikes out looking
|
|
Batting: LHB Clay Hill
|
0-0: Ball 1-0: Called Strike 1-1: Ground out U3 (Groundball, 3, EV 86.3 MPH)
|
| Bottom of the 7th over - 1 run, 1 hit, 0 errors, 1 left on base; Salt Lake City 8 - Eugene 1 |
| TOP OF THE 8TH |
|
Salt Lake City Bees batting - Pitching for Eugene Emeralds : RHP Jack Morris
|
|
Batting: LHB Mike Cole
|
0-0: Ball 1-0: Foul Ball, location: 2F 1-1: Foul Ball, location: 2F 1-2: Ball 2-2: Foul Ball, location: 2F 2-2: Ball 3-2: Ground out 4-3 (Groundball, 4, EV 103.8 MPH)
|
|
Batting: LHB Thomas Dorsey
|
0-0: Foul Ball, location: 2F 0-1: Foul Ball, location: 2F 0-2: Ball 1-2: Ball 2-2: Strikes out swinging
|
|
Pinch Hitting: RHB Joe Hicks
|
0-0: Swinging Strike 0-1: Ball 1-1: Fly out, F4 (Flyball, 34D, EV 84.4 MPH)
|
| Top of the 8th over - 0 runs, 0 hits, 0 errors, 0 left on base; Salt Lake City 8 - Eugene 1 |
| BOTTOM OF THE 8TH |
|
Eugene Emeralds batting - Pitching for Salt Lake City Bees : LHP Bryan Hardy
|
|
Now at 1B: Joe Hicks
|
|
|
Batting: LHB Terry Lee
|
0-0: Called Strike 0-1: Foul Ball, location: 2F 0-2: Ball 1-2: Ball 2-2: Strikes out swinging
|
|
Batting: LHB Richard Rickman
|
0-0: Ball 1-0: Swinging Strike 1-1: Called Strike 1-2: Ball 2-2: Foul Ball, location: 2F 2-2: Ground out 6-3 (Groundball, 6M, EV 105.6 MPH)
|
|
Batting: LHB James Peters
|
0-0: Ground out 1-3 (Groundball, 23, EV 68.8 MPH)
|
| Bottom of the 8th over - 0 runs, 0 hits, 0 errors, 0 left on base; Salt Lake City 8 - Eugene 1 |
| TOP OF THE 9TH |
|
Salt Lake City Bees batting - Pitching for Eugene Emeralds : RHP Jack Morris
|
|
Pinch Hitting: RHB Jesse Baez
|
0-0: Ball 1-0: Ground out 5-3 (Groundball, 5S, EV 78.8 MPH)
|
|
Batting: RHB Darnell Coles
|
0-0: Ball 1-0: Swinging Strike 1-1: Called Strike 1-2: Strikes out swinging
|
|
Batting: RHB Stephen Vaughan
|
0-0: Called Strike 0-1: Called Strike 0-2: Strikes out looking
|
| Top of the 9th over - 0 runs, 0 hits, 0 errors, 0 left on base; Salt Lake City 8 - Eugene 1 |
| BOTTOM OF THE 9TH |
|
Eugene Emeralds batting - Pitching for Salt Lake City Bees : LHP Bryan Hardy
|
|
Now at C: Jesse Baez
|
|
|
Batting: LHB Alfredo Edmead
|
0-0: Called Strike 0-1: Fly out, F8 (Line Drive, 8LM, EV 91.3 MPH)
|
|
Batting: RHB Tim Wallach
|
0-0: Foul Ball, location: 2F 0-1: Fly out, F9 (Flyball, 89XD, EV 98.8 MPH)
|
|
Batting: LHB Randy Bush
|
0-0: Ground out 4-3 (Groundball, 4, EV 93.1 MPH)
|
| Bottom of the 9th over - 0 runs, 0 hits, 0 errors, 0 left on base; Salt Lake City 8 - Eugene 1 |
|